 Dungeon Crawl Stone Soup version 0.24.0-125-gc4c63601f3 (webtiles) character file.

Game seed: 12995877072635730157, levelgen mode: deterministic

26 LraC the Grave Robber (level 2, 0/19 HPs)
             Began as a Demonspawn Necromancer on Mar 5, 2020.
             Slain by Natasha (4 damage)
             ... on level 2 of the Dungeon.
             The game lasted 00:12:23 (887 turns).

LraC the Grave Robber (Demonspawn Necromancer)       Turns: 887, Time: 00:12:24

Health: 0/19       AC:  6    Str:  8    XL:     2   Next: 89%
Magic:  0/5        EV: 10    Int: 16    God:
Gold:   55         SH:  0    Dex: 13    Spells: 3/5 levels left

rFire    + . .     SeeInvis .   f - +0 dagger
rCold    . . .     Gourm    .   (no shield)
rNeg     . . .     Faith    .   e - +1 ring mail {rF+}
rPois    .         Spirit   .   (no helmet)
rElec    .         Reflect  .   (no cloak)
rCorr    .         Harm     .   (no gloves)
MR       .....                  (no boots)
Stlth    +.........             (no amulet)
HPRegen  0.06/turn              (no ring)
MPRegen  0.09/turn              (no ring)

@: very slightly contaminated
A: hooves 1
a: no special abilities


You were on level 2 of the Dungeon.
You were not hungry.

You visited 1 branch of the dungeon, and saw 2 of its levels.

You collected 55 gold pieces.

Inventory:

Hand Weapons
 d - a +0 club
 f - a +0 dagger (weapon)
 h - a +0 hunting sling
 m - a +0 club
 n - a +0 hunting sling
 o - a +0 dagger
 q - a +0 dagger
Missiles
 p - 55 stones (quivered)
Armour
 a - a +0 robe
 e - a +1 ring mail of fire resistance (worn)
 g - a +0 robe
 j - a +0 robe
 l - cursed -1 swamp dragon scales
Scrolls
 b - a scroll of identify
 k - 2 scrolls of remove curse
Comestibles
 c - 3 rations
 i - a chunk of flesh


   Skills:
 + Level 0.6 Short Blades
 + Level 0.5 Armour
 + Level 1.9 Dodging
 + Level 1.8 Stealth
 + Level 2.1 Spellcasting
 + Level 5.0 Necromancy


You had 3 spell levels left.
You knew the following spells:

 Your Spells              Type           Power        Failure   Level  Hunger
a - Pain                  Necr           ###.         9%          1    #......
b - Animate Skeleton      Necr           N/A          9%          1    #......

Your spell library contained the following spells:

 Spells                   Type           Power        Failure   Level  Hunger
 Vampiric Draining        Necr           ###.......   24%         3    ###....
 Regeneration             Chrm/Necr      #.........   56%         3    ###....
 Animate Dead             Necr           N/A          63%         4    #####..


Dungeon Overview and Level Annotations

Branches:
Dungeon (2/15)

Altars:

Annotations:
D:2 Natasha


Innate Abilities, Weirdness & Mutations

You have large cloven feet.


Message History

Press: ? - help, Shift-Dir - straight line, f/p - Natasha
Aim: Natasha (heavily wounded, fast, chance to defeat MR: 76%) Natasha writhes in agony.
Natasha claws you. Natasha barely misses you.
You hit Natasha but do no damage.
Natasha is severely wounded.
Natasha barely misses you.
You hit Natasha but do no damage.
Natasha is severely wounded.
Natasha barely misses you.
Natasha howls an incantation.
Natasha glows brightly for a moment.
Natasha claws you.
* * * LOW HITPOINT WARNING * * *
You hit Natasha.
Natasha is almost dead.
Natasha completely misses you.
You closely miss Natasha.
Natasha is almost dead.
Natasha claws you.
You die...

####
..#
##.#
#<@#
#h##
#..
....
#.#.#
...#.
###
#. ..


You could see Natasha.

Vanquished Creatures
  An ooze (D:1)
  A giant cockroach (D:1)
  2 hobgoblins (D:1)
  5 bats (D:1)
  A frilled lizard (D:1)
  2 goblins (D:1)
  2 kobolds (D:1)
  2 rats (D:1)
16 creatures vanquished.

Vanquished Creatures (collateral kills)
  A dart slug (D:1)
  A bat (D:1)
  A goblin (D:1)
  4 rats (D:1)
7 creatures vanquished.

Grand Total: 23 creatures vanquished

Notes
Turn   | Place    | Note
-------+----------+-------------------------------------------
     0 | D:1      | LraC the Demonspawn Necromancer began the quest for the
                  | Orb.
     0 | D:1      | Reached XP level 1. HP: 13/13 MP: 3/3
     2 | D:1      | Learned a level 1 spell: Animate Skeleton
   172 | D:1      | Gained mutation: You have large cloven feet. [demonic
                  | ancestry]
   172 | D:1      | Reached XP level 2. HP: 2/19 MP: 0/5
   640 | D:1      | Reached skill level 5 in Necromancy
   877 | D:2      | Noticed Natasha
   887 | D:2      | Slain by Natasha

Levels and vault maps discovered:
D:1:      minmay_arrival_stair_chambers, layout_loops_cross, minmay_bisected
D:2:      minmay_thinvault, layout_basic, lemuel_coloured_pillars_altar,
          uniq_natasha

Skill      XL: |  1  2 |
---------------+-------+-----
Necromancy     | 5 |  5.0
Short Blades   | |  0.6
Armour         | |  0.5
Dodging        | |  1.9
Stealth        | |  1.8
Spellcasting   | |  2.1

Action                   || total
-------------------------++-------
Melee: Dagger            ||    25
       Club              ||     3
       Kick              ||     3
 Cast: Pain              ||    25
       Animate Skeleton  ||     9
  Use: Scroll            ||     3
       Potion            ||     3
Armor: Ring mail         ||    31
Dodge: Dodged            ||    46
